[Event "*** Titled Tuesday Blitz"]
[Site "Chess.com"]
[Date "2020.11.03"]
[Round "9"]
[White "snowlord"]
[Black "IceBelka"]
[Result "0-1"]
[WhiteElo "2687"]
[BlackElo "2251"]
[TimeControl "180+1"]
[EndTime "11:49:14 PST"]
[Termination "IceBelka won on time"]

1. Nf3 d5 2. g3 Nf6 3. Bg2 e6 4. O-O Be7 5. d3 O-O 6. Bf4 c5 7.
e4 Nc6 8. e5 Nd7 9. h4 b5 10.
c4 bxc4 11. dxc4 Nb6 12. cxd5 exd5 13. Nc3 Bf5 14. Ne1 Nd4 15. Rc1 Rc8 16. Be3 Qd7 17. Bxd4 cxd4 18. Qxd4 Rc4 19. Qd2 d4 20. Ne4 Bb4 21.
Qg5 Bg6 22. Nd3 Be7 23. Qd2 Rfc8 24. b3 Rxc1 25. Rxc1 Ba3 26. Rxc8+ Qxc8 27. Nd6 Qc3 28. Qg5 h6 29. Qd8+ Kh7 30. Nf4 Qe1+ 31. Kh2 Qxe5 32. Ne8 Be7 33. Nxg6 fxg6 34. Qc7 Qxc7 35. Nxc7 d3 36. Bf3 d2 37. Nb5 Nd5 38. a4 a6 0-1

[Event "*** Titled Tuesday Blitz"]
[Site "Chess.com"]
[Date "2020.11.03"]
[Round "9"]
[White "chenxiaoyuer"]
[Black "Jenia84"]
[Result "1-0"]
[WhiteElo "2505"]
[BlackElo "2326"]
[TimeControl "180+1"]
[EndTime "11:49:16 PST"]
[Termination "chenxiaoyuer won by resignation"]

1. e4 e5 2. Nf3 Nc6 3. Bb5 Nf6 4. d3 Bc5 5. O-O O-O 6. c3 d6 7. Bg5 h6 8. Bh4 Bd7 9. d4 Bb6 10. dxe5 Nxe5 11. Bxd7 Nexd7 12. Nbd2 Qe7 13. Re1 Ne5 14. Nxe5 dxe5 15. Nc4 Qe6 16. Qe2 Rfe8 17. Rad1 Bc5 18. b4 Be7 19. f3 Rad8 20. Bf2 a6 21. a4 Nh5 22. g3 Nf6 23. Na5 Qc8 24. Qc4 Rxd1 25.
Rxd1 Rd8 26. Rxd8+ Bxd8 27. b5 axb5 28. Qxb5 b6 29. Nc6 Qd7 30. Nxe5 Qd1+ 31. Kg2 Be7 32. Qc4 Bd6 33. Qxf7+ Kh7 34. Nc4 Bc5 35. Bxc5 bxc5 36. e5 Qe2+ 37. Kh3 Qf1+ 38. Kh4 Qg2 39. exf6 Qxh2+ 40. Kg4 h5+ 41. Qxh5+ 1-0

[Event "*** Titled Tuesday Blitz"]
[Site "Chess.com"]
[Date "2020.11.03"]
[Round "9"]
[White "keepitcoming"]
[Black "zmeeed67"]
[Result "0-1"]
[WhiteElo "2507"]
[BlackElo "2374"]
[TimeControl "180+1"]
[EndTime "11:49:16 PST"]
[Termination "zmeeed67 won on time"]

1. d4 Nc6 2. Nf3 d6 3. e3 Bg4 4. Bb5 a6 5. Bxc6+ bxc6 6. O-O Nf6 7. h3 Bc8 8. c4 e6 9. b3 Be7 10. Bb2 O-O 11. Nbd2 Nd7 12. Qc2 c5 13. d5 e5 14.
e4 h6 15. Rfe1 Nf6 16. Qd1 Nh7 17. Nf1 f5 18. exf5 Bxf5 19. Ng3 Bg6 20. Ne4 Rf4 21. Nfd2 Qf8 22. g3 Rf7 23. Bc1 Nf6 24. Nxf6+ Rxf6 25. Qe2 Qf7 26. Nf1 Rf8 27. Be3 Bh5 28. g4 Bg6 29. Nh2 Qe8 30. a3 a5 31. b4 axb4 32. axb4 cxb4 33. c5 b3 34. Qc4 b2 35. Rab1 Bxb1 36. Rxb1 Kh8 37. cxd6 Bxd6 38. Rxb2 e4 39. Nf1 Qe5 40. Rc2 Rf3 41. Kg2 h5 42. Bd4 Qg5 43. Nd2 hxg4 44. Nxe4 gxh3+ 45. Kf1 Qg2+ 46. Ke2 Re8 47. Kd1 Qg1+ 48. Kd2 Bf4+ 0-1

[Event "*** Titled Tuesday Blitz"]
[Site "Chess.com"]
[Date "2020.11.03"]
[Round "9"]
[White "PetrolulSah"]
[Black "WildTricks"]
[Result "0-1"]
[WhiteElo "2196"]
[BlackElo "2407"]
[TimeControl "180+1"]
[EndTime "11:49:17 PST"]
[Termination "WildTricks won on time"]

1. d4 Nf6 2. c4 e6 3. g3 d5 4. Bg2 dxc4 5. Nf3 Nc6 6. O-O Rb8 7.
Bg5 Be7 8. Qc2 b5 9. a4 a6 10. axb5 axb5 11. b3 Nb4 12. Qb2 O-O 13. Ne5 Bb7 14. Bxb7 Rxb7 15. bxc4 bxc4 16. Nxc4 Qd5 17. Na5 Rb5 18. Bxf6 Bxf6 19. Nc3 Qxd4 20. Rfc1 Rb6 21. Qa3 Ra8 22. Nb3 Rxa3 23. Nxd4 Rxa1 24. Rxa1 g6 25.
Ra8+ Kg7 26. e3 c5 27. Na4 cxd4 28. Nxb6 d3 29. Kf1 e5 30. e4 Bg5 31. Ke1 Nc2+ 32. Kd1 Nd4 33. Ra3 d2 34. Rd3 Ne6 0-1

[Event "*** Titled Tuesday Blitz"]
[Site "Chess.com"]
[Date "2020.11.03"]
[Round "9"]
[White "dopolian"]
[Black "MarkoPe"]
[Result "1-0"]
[WhiteElo "2360"]
[BlackElo "2232"]
[TimeControl "180+1"]
[EndTime "11:49:18 PST"]
[Termination "dopolian won by checkmate"]

1. d4 Nf6 2. c4 e6 3. Nc3 Bb4 4. e3 O-O 5. Ne2 d5 6. a3 Bxc3+ 7. Nxc3 b6 8. cxd5 Nxd5 9. Bd3 Bb7 10. O-O Nd7 11. e4 Nxc3 12. bxc3 c5 13. Be3 Rc8 14. Qa4 Qc7 15. Rac1 Rfd8 16. f3 h6 17. Rfd1 a6 18. Bf1 b5 19. Qb3 Nb6 20. dxc5 Na4 21. Rxd8+ Rxd8 22.
c4 Nxc5 23. Qb4 Nd3 24. Bxd3 Rxd3 25. cxb5 Qd7 26. bxa6 Bxa6 27. Qc5 h5 28. h4 Qd8 29. Bf2 Qd7 30. Qxh5 Qa4 31. Rb1 Rd1+ 32. Rxd1 Qxd1+ 33. Kh2 Qa4 34. Qc5 Bb5 35. Bd4 g6 36. Qc8+ Be8 37.
Qc5 Kh7 38. Qe5 Kg8 39. Qg7# 1-0

[Event "*** Titled Tuesday Blitz"]
[Site "Chess.com"]
[Date "2020.11.03"]
[Round "9"]
[White "Supernotar"]
[Black "Fy_Rakotomaharo"]
[Result "1-0"]
[WhiteElo "2847"]
[BlackElo "2629"]
[TimeControl "180+1"]
[EndTime "11:49:21 PST"]
[Termination "Supernotar won by resignation"]

1. d4 e6 2. c4 Bb4+ 3. Nd2 c5 4. Nf3 cxd4 5. Nxd4 Nf6 6. g3 O-O 7. Bg2 d5 8. cxd5 Nxd5 9. O-O Bd7 10. a3 Be7 11. e4 Nb6 12. b3 e5 13. Nf5 Bxf5 14. exf5 Nc6 15. Bb2 f6 16. Qe2 Qd7 17. Rac1 Rac8 18. Be4 Nd4 19. Bxd4 Qxd4 20. Bxb7 Rxc1 21. Rxc1 Bxa3 22.
Rc7 Rd8 23. Qh5 Bf8 24. Qf7+ Kh8 25.
Ne4 Nd5 26. Bxd5 Qxd5 27. Qxd5 Rxd5 28. Rxa7 Rb5 29. Ra8 Kg8 30. Kg2 Rxb3 31. Nc5 Ra3 32.
Rxa3 Bxc5 33. Ra8+ Kf7 34. Rc8 Bd6 35. Kf3 g6 36. Ke4 g5 37. Kd5 Bb4 38. Rc7+ Ke8 39. Rxh7 Be1 40. Ke6 Kd8 41. Kxf6 e4 42. Re7 g4 43.
Rxe4 Bxf2 44. Rxg4 1-0

[Event "*** Titled Tuesday Blitz"]
[Site "Chess.com"]
[Date "2020.11.03"]
[Round "9"]
[White "Mikhail_Golubev"]
[Black "sjam6687"]
[Result "1-0"]
[WhiteElo "2571"]
[BlackElo "2692"]
[TimeControl "180+1"]
[EndTime "11:49:21 PST"]
[Termination "Mikhail_Golubev won on time"]

1. e4 e5 2. Nf3 Nc6 3. Bb5 a6 4. Ba4 Nf6 5. O-O Be7 6. d3 d6 7. c3 O-O 8. h3 Nd7 9. Re1 Nb6 10. Bxc6 bxc6 11. d4 f6 12. Nbd2 Be6 13. Nf1 Qd7 14.
Ng3 g6 15. b3 a5 16. c4 a4 17. d5 Bf7 18. Bh6 Rfb8 19. dxc6 Qxc6 20. Rb1 axb3 21. axb3 Nd7 22. h4 Nc5 23. Re3 Rb4 24. h5 g5 25.
Nf5 Bd8 26. Nxg5 fxg5 27. Qd2 Rbb8 28. Rg3 Nxe4 29. Bxg5 Bxg5 30. Rxg5+ Kh8 31. Nh6 Be6 32. Qe3 Nxg5 33. Qxg5 Rf8 34. Re1 Ra2 35. Rxe5 Raxf2 36. Rxe6 Qd7 37. Re7 1-0

[Event "*** Titled Tuesday Blitz"]
[Site "Chess.com"]
[Date "2020.11.03"]
[Round "9"]
[White "SGchess01"]
[Black "tdf98pantani"]
[Result "1-0"]
[WhiteElo "2855"]
[BlackElo "2720"]
[TimeControl "180+1"]
[EndTime "11:49:23 PST"]
[Termination "SGchess01 won by checkmate"]

1. d4 d5 2. c4 c6 3. Nc3 Nf6 4. cxd5 Nxd5 5. e4 Nc7 6. Nf3 g6 7. Be2 Bg7 8. h3 O-O 9. Be3 Nd7 10. O-O b6 11. Qc2 Bb7 12. Rfd1 Rc8 13. b4 Qe8 14. Qa4 a6 15. Rac1 Nb5 16. e5 Qd8 17. Qb3 Nc7 18. a4 b5 19. a5 Nd5 20. Ne4 f6 21. e6 Nb8 22. Nc5 Ba8 23. Bd2 Qd6 24.
Re1 h6 25. Bd3 Kh7 26. Qb1 f5 27. Ne5 Nc7 28. Bc3 Rf6 29. Ned7 Nxd7 30. exd7 Rd8 31. d5 Nxd5 32. Bxf6 Qxf6 33. Re6 Qg5 34. Bf1 Nf4 35. Kh2 Nxe6 36. Nxe6 Qd2 37. Nxd8 Qxf2 38.
Nf7 Qf4+ 39. Kh1 Bd4 40. d8=Q Qf2 41. Qxd4 Qxd4 42. Qa1 Qf4 43. Qh8# 1-0

[Event "*** Titled Tuesday Blitz"]
[Site "Chess.com"]
[Date "2020.11.03"]
[Round "9"]
[White "maximnovik"]
[Black "MF1966Idrisov"]
[Result "1-0"]
[WhiteElo "2541"]
[BlackElo "2368"]
[TimeControl "180+1"]
[EndTime "11:49:24 PST"]
[Termination "maximnovik won by resignation"]

1. d4 d5 2. c4 e6 3. Nc3 Nf6 4.
cxd5 exd5 5. Bg5 Be7 6. e3 c6 7. Bd3 h6 8. Bf4 O-O 9. Nf3 Bd6 10. Ne5 Qe7 11. Qc2 Nbd7 12. Nxd7 Bxd7 13. Bxd6 Qxd6 14.
O-O-O b5 15. Kb1 a5 16. Ne2 a4 17. Rc1 a3 18. b3 Rfe8 19. Qc5 Qb8 20. h3 Qc8 21. g4 Ne4 22. Bxe4 Rxe4 23. Ng3 Re8 24.
Rhe1 Qd8 25. Qd6 Re6 26. Qb4 Qh4 27. Rh1 Rf6 28. Rc2 Rxf2 29. Rxf2 Qxg3 30. Qd2 Re8 31. Re2 Qf3 32. Qe1 c5 33. dxc5 d4 34. e4 Bc6 35.
Rf1 Qd3+ 36. Ka1 Rxe4 37. Rxe4 Bxe4 38. Qc1 Bc6 39. Rd1 Qe4 40. Qxa3 Qf3 41. Qc1 Qxh3 42.
Rxd4 Qf3 43. Rd8+ Kh7 44. Qc2+ g6 45. Rd6 h5 46. gxh5 Qf4 47. hxg6+ Kg7 48. Rxc6 Qd4+ 49. Qb2 1-0

[Event "*** Titled Tuesday Blitz"]
[Site "Chess.com"]
[Date "2020.11.03"]
[Round "9"]
[White "Skatchkov_V"]
[Black "lucachess49"]
[Result "1-0"]
[WhiteElo "2495"]
[BlackElo "2364"]
[TimeControl "180+1"]
[EndTime "11:49:24 PST"]
[Termination "Skatchkov_V won by resignation"]

1. d4 Nf6 2. c4 e6 3. Nf3 a6 4. Nc3 d5 5. cxd5 exd5 6. Bg5 Be6 7. e3 Nbd7 8. Bd3 Bd6 9. O-O c6 10. Bf4 Qc7 11. Bg3 O-O 12. a3 Ng4 13. Bxh7+ Kh8 14.
Bd3 Bxg3 15. hxg3 Qd8 16. Nh2 f5 17. Nxg4 fxg4 18. Kh2 Rf6 19. Rh1 Rh6+ 20. Kg1 Rxh1+ 21.
Kxh1 Qf6 22. Qg1 g6 23. Qe1 Kg7 24. Kg1 Bf7 25. Qe2 c5 26. Qxg4 cxd4 27. exd4 Nf8 28.
Re1 Rd8 29. Qf4 Qxf4 30. gxf4 Ne6 31. Be2 Nxd4 32. Rd1 Nc6 33. Bd3 d4 34. Ne4 Ne7 35. Rc1 a5 36. Rc7 Nd5 37. Rxb7 Nxf4 38. Bc4 d3 39. Rxf7+ Kh6 40. Rxf4 d2 41. Nxd2 Rxd2 42. b4 axb4 43. axb4 Kg5 44. g3 Rb2 45. b5 Rb4 46. Bd3 Rb3 47. Be2 Rb2 48. Bc4 Rb4 49. Kg2 Rb2 50. Rd4 Rb4 51. Rd5+ Kf6 52. Be2 1-0

[Event "*** Titled Tuesday Blitz"]
[Site "Chess.com"]
[Date "2020.11.03"]
[Round "9"]
[White "AldokhinIvan"]
[Black "ChristopherYoo"]
[Result "0-1"]
[WhiteElo "2602"]
[BlackElo "2842"]
[TimeControl "180+1"]
[EndTime "11:49:25 PST"]
[Termination "ChristopherYoo won by checkmate"]

1. e4 e6 2. d4 d5 3. Nc3 Be7 4. Bd3 c5 5. dxc5 Nf6 6. exd5 exd5 7. Bg5 O-O 8. Nge2 h6 9. Bh4 Nbd7 10. b4 Ne5 11.
O-O a5 12. a3 Bg4 13. f3 Be6 14. Nd4 Nc6 15. Nce2 Nd7 16. Bxe7 Qxe7 17. c3 Nde5 18. Nf4 Qg5 19. g3 axb4 20. Nfxe6 Qe3+ 21. Kg2 fxe6 22. Be2 bxc3 23. Nxe6 Rf6 24. Nc7 c2 25. Qxc2 Nd4 26. Qd1 Rd8 27. Re1 Ng4 28. Bf1 Qf2+ 29. Kh3 Qxh2+ 30. Kxg4 Rg6+ 31. Kf4 Qxg3+ 32. Ke3 Nf5+ 33. Kd3 Qxc7 34. Kc2 Qxc5+ 35. Kb3 Rb6+ 36. Ka2 Ra8 37. Qd3 Rxa3+ 38. Qxa3 Qc2+ 39. Qb2 Qxb2# 0-1

[Event "*** Titled Tuesday Blitz"]
[Site "Chess.com"]
[Date "2020.11.03"]
[Round "9"]
[White "BlixLT"]
[Black "gilbert_gm"]
[Result "1-0"]
[WhiteElo "2397"]
[BlackElo "2541"]
[TimeControl "180+1"]
[EndTime "11:49:25 PST"]
[Termination "BlixLT won by checkmate"]

1. d4 c6 2. Nc3 d5 3. Bf4 Nf6 4.
e3 Bg4 5. f3 Bh5 6. Bd3 Bg6 7.
Nge2 e6 8. O-O Bd6 9. Qd2 Bxd3 10. cxd3 O-O 11. e4 Bb4 12. e5 Nfd7 13. Be3 c5 14. f4 Nc6 15. dxc5 Bxc5 16. Bxc5 Nxc5 17. d4 Ne4 18. Nxe4 dxe4 19. Qe3 Qd5 20. f5 exf5 21.
Rxf5 Rad8 22. Rd1 g6 23. Rg5 Qxa2 24. Qxe4 Qxb2 25. d5 Ne7 26. Nf4 Kh8 27. h4 a5 28.
Rd3 Qb4 29. Rd4 Qc3 30. h5 b5 31. d6 Nf5 32. Rd3 Qc5+ 33. Kh2 Nxd6 34. exd6 Qxg5 35. Qd4+ Kg8 36. Rg3 Qh4+ 37. Rh3 Qg4 38. Rg3 Qf5 39.
hxg6 fxg6 40. Rf3 Qf6 41. Qd5+ Kh8 42. Ne6 Qh4+ 43. Rh3 Qc4 44. Qe5+ Rf6 45. Qxf6+ Kg8 46. Qg7# 1-0

[Event "*** Titled Tuesday Blitz"]
[Site "Chess.com"]
[Date "2020.11.03"]
[Round "9"]
[White "Kolle05"]
[Black "Roza_Idrisova"]
[Result "1-0"]
[WhiteElo "2356"]
[BlackElo "2196"]
[TimeControl "180+1"]
[EndTime "11:49:25 PST"]
[Termination "Kolle05 won by resignation"]

1. e4 c6 2. Nc3 d5 3. Nf3 a6 4. a4 Bg4 5. d4 e6 6. h3 Bxf3 7. Qxf3 dxe4 8. Nxe4 Qxd4 9. c3 Qd5 10. Bg5 f5 11. Nd2 Qxf3 12. Nxf3 h6 13. Bf4 Nf6 14. Bc4 Nd5 15. Bxd5 cxd5 16. O-O Nc6 17. Rfe1 Kf7 18. b4 g5 19. Be5 Rg8 20. b5 Na5 21. bxa6 Rxa6 22.
Rab1 Bg7 23. Nd4 Bxe5 24. Rxe5 Kf6 25. Rbe1 Re8 26. Rxf5+ exf5 27. Rxe8 Nc4 28. Rf8+ Ke7 29. Rxf5 Rxa4 30. Rxd5 Ra1+ 31. Kh2 Rc1 32. Rb5 Nd6 33. Rb3 Kf6 34. Rb6 Ke5 35. Nb5 Nxb5 36. Rxb5+ Kf6 37. Rxb7 Rxc3 38. Rb6+ Kg7 39. f3 h5 40. Kg3 Ra3 41. h4 gxh4+ 42. Kxh4 Ra2 43. g3 Ra5 44. Re6 Rf5 45. f4 Rb5 46. Re5 Rxe5 47. fxe5 Kg6 48. e6 Kf6 49. Kxh5 Kxe6 50. Kg6 Ke7 51. g4 Kf8 52. Kh7 Kf7 53. g5 1-0

[Event "*** Titled Tuesday Blitz"]
[Site "Chess.com"]
[Date "2020.11.03"]
[Round "9"]
[White "Loy_Konstantin"]
[Black "lelajavakhishvili"]
[Result "1/2-1/2"]
[WhiteElo "2384"]
[BlackElo "2519"]
[TimeControl "180+1"]
[EndTime "11:49:26 PST"]
[Termination "Game drawn - insufficient material"]

1. e4 c5 2. Nf3 e6 3. d3 Nc6 4. g3 Nf6 5. Bg2 e5 6. O-O Be7 7. c3 d6 8. Re1 O-O 9. h3 Re8 10. d4 Bf8 11. dxc5 dxc5 12. Qxd8 Rxd8 13. Bg5 Be7 14.
Bxf6 Bxf6 15. Nbd2 Be6 16. Nf1 Rd7 17. Ne3 Rad8 18. Bf1 a6 19. Kg2 b5 20. a4 c4 21.
axb5 axb5 22. Ra6 Rc7 23. Rea1 g6 24. Rb6 b4 25. Bxc4 Bxc4 26. Nxc4 bxc3 27. bxc3 Rd3 28.
Rxc6 Rxc6 29. Ncxe5 Bxe5 30. Nxe5 Rdxc3 31. Nxc6 Rxc6 32.
Ra3 h5 33. g4 hxg4 34. hxg4 Kg7 35. Kf3 Rf6+ 36. Kg3 Re6 37. f3 g5 38. Ra5 f6 39.
Ra4 Kg6 40. f4 gxf4+ 41. Kxf4 Rb6 42. Ra5 Rb1 43. Ra6 Rf1+ 44. Kg3 Re1 45. Kf3 Rf1+ 46. Ke2 Rf4 47. Ke3 Rf1 48. e5 Re1+ 49. Kf4 Rxe5 50. Ra4 Re1 51. Re4 Rf1+ 52. Kg3 Rg1+ 53. Kf3 Rf1+ 54. Kg3 f5 55. gxf5+ Kxf5 56. Re2 Rg1+ 57.
Kf3 Rg6 58. Rg2 Rxg2 59. Kxg2 1/2-1/2

[Event "*** Titled Tuesday Blitz"]
[Site "Chess.com"]
[Date "2020.11.03"]
[Round "9"]
[White "ciucas1892"]
[Black "Kapibara_Warri0r"]
[Result "0-1"]
[WhiteElo "2240"]
[BlackElo "2153"]
[TimeControl "180+1"]
[EndTime "11:49:26 PST"]
[Termination "Kapibara_Warri0r won by checkmate"]

1. c4 e5 2. g3 Nf6 3. Bg2 d5 4. cxd5 Nxd5 5. Nc3 Nb6 6. Nf3 Nc6 7. O-O Be7 8. d3 O-O 9. Be3 Re8 10. Rc1 Bf8 11.
Na4 Nd4 12. Nxd4 exd4 13. Bf4 c6 14. Nc5 Bxc5 15. Rxc5 Bg4 16. Re1 Qd7 17. Qc2 Re7 18.
a4 Rae8 19. e4 dxe3 20. Rxe3 Rxe3 21. Bxe3 Bh3 22. a5 Bxg2 23. axb6 Qh3 24. Qd1 axb6 25. Rg5 Bd5 26. Qf1 Qe6 27. h4 h6 28. Rxd5 Qxd5 29.
d4 Qb3 30. Qc1 Qd3 31. b4 b5 32. Qc5 Ra8 33. Qe7 Ra1+ 34. Kg2 Qf1+ 35. Kf3 Qh1+ 36. Kf4 Qd5 37. Qe8+ Kh7 38. g4 g5+ 39. hxg5 hxg5+ 40.
Kg3 Rg1+ 41. Kh3 Qh1# 0-1

[Event "*** Titled Tuesday Blitz"]
[Site "Chess.com"]
[Date "2020.11.03"]
[Round "9"]
[White "BilodeauA"]
[Black "Azerichess"]
[Result "1-0"]
[WhiteElo "2895"]
[BlackElo "3002"]
[TimeControl "180+1"]
[EndTime "11:49:27 PST"]
[Termination "BilodeauA won on time"]

1. e4 c6 2. Nf3 d5 3. d3 a5 4. Nc3 Bg4 5. h3 Bxf3 6. Qxf3 e6 7. g3 g6 8. Bg2 Bg7 9. O-O Ne7 10. h4 Nd7 11. h5 Qb6 12. Qd1 O-O 13. Bd2 a4 14. Rb1 Qc5 15. Ne2 dxe4 16. hxg6 hxg6 17. Bxe4 Nf6 18.
Bg2 Nf5 19. a3 Rfd8 20. Bc3 Ng4 21. Bxg7 Kxg7 22. Nf4 Nf6 23. c3 e5 24. Ne2 Qd6 25. Be4 Qe6 26. Qc2 Rh8 27. Bg2 Ng4 28. d4 Rh2 29.
Qe4 Rah8 30. dxe5 Nxe5 31. Nd4 Qf6 32. Rfe1 Nxd4 33. cxd4 Nc4 34. Re2 R8h5 35. Rc1 Nd6 36. Qf3 Nf5 37. Re4 Qg5 38. Rd1 Nd6 39. Rg4 Qb5 40. d5 Qxb2 41. dxc6 bxc6 42. Rxd6 Qxa3 43. Qxa3 1-0

[Event "*** Titled Tuesday Blitz"]
[Site "Chess.com"]
[Date "2020.11.03"]
[Round "9"]
[White "sboshaon21"]
[Black "Ariadna_Atreides"]
[Result "1-0"]
[WhiteElo "2026"]
[BlackElo "2088"]
[TimeControl "180+1"]
[EndTime "11:49:27 PST"]
[Termination "sboshaon21 won by resignation"]

1. d4 e6 2. c4 Bb4+ 3. Bd2 Bxd2+ 4. Nxd2 d5 5. Ngf3 Nf6 6. e3 O-O 7. Bd3 b6 8. O-O Bb7 9. Ne5 Nbd7 10. Ndf3 c5 11. Rc1 Rc8 12. Qe2 cxd4 13. exd4 dxc4 14. Bxc4 Nd5 15. g3 h6 16. Ba6 Bxa6 17. Qxa6 Nxe5 18. Nxe5 Rxc1 19. Rxc1 Qg5 20. f4 Nxf4 21. Rc2 Qf5 22. Rd2 Qb1+ 23. Kf2 Nh3+ 24. Kg2 Qc1 25. Qd3 Ng5 26.
h4 Nh7 27. Rc2 Qb1 28. Nd7 Rd8 29. Ne5 Qxa2 30. b3 Nf6 31. Rxa2 Nd5 32. Rxa7 Nb4 33. Qc4 g6 34. Nxf7 Nd5 35. Nxh6+ Kh8 36. Qc1 Ne3+ 37.
Qxe3 Rxd4 38. Qxd4+ 1-0

[Event "*** Titled Tuesday Blitz"]
[Site "Chess.com"]
[Date "2020.11.03"]
[Round "9"]
[White "Kildepiotr"]
[Black "S2PAc"]
[Result "1-0"]
[WhiteElo "2681"]
[BlackElo "2835"]
[TimeControl "180+1"]
[EndTime "11:49:28 PST"]
[Termination "Kildepiotr won by resignation"]

1. Nf3 d5 2. g3 g6 3. Bg2 Bg7 4.
O-O e5 5. d3 Nc6 6. Nbd2 Nge7 7. e4 O-O 8. c3 a5 9. Qc2 h6 10.
b3 Be6 11. Bb2 g5 12. a3 Ng6 13. b4 g4 14. Ne1 axb4 15. axb4 Rxa1 16. Bxa1 d4 17. Nb3 dxc3 18. Bxc3 Bxb3 19. Qxb3 Nd4 20. Qd1 Qd7 21. Nc2 Nb5 22. Bb2 Rd8 23. Ne3 h5 24. Qa4 Nd4 25. Qxd7 Rxd7 26. Ra1 Bf8 27. Nd5 Kg7 28.
Bxd4 exd4 29. b5 c6 30. Nb6 Rd8 31. bxc6 bxc6 32. Nc4 Rb8 33. h3 gxh3 34. Bxh3 h4 35. Ra7 hxg3 36. fxg3 Rb3 37. Bf1 Rc3 38. Rc7 c5 39.
Rb7 Be7 40. Kf2 Bf6 41. Ke2 Rc2+ 42. Kf3 Bg5 43. Bh3 Be7 44. Bf5 Bf6 45. Bxg6 Kxg6 46. e5 Bg5 47. Ke4 Re2+ 48. Kd5 Rg2 49. Kxc5 Rxg3 50.
Kxd4 Rg4+ 51. Kd5 f6 52. e6 Rg1 53. Nd6 Re1 54. e7 f5 55. e8=Q+ Rxe8 56. Nxe8 f4 57.
Ke4 1-0

[Event "*** Titled Tuesday Blitz"]
[Site "Chess.com"]
[Date "2020.11.03"]
[Round "9"]
[White "brunomorado"]
[Black "lamomiablanca"]
[Result "1-0"]
[WhiteElo "2445"]
[BlackElo "2282"]
[TimeControl "180+1"]
[EndTime "11:49:28 PST"]
[Termination "brunomorado won on time"]

1. d4 Nf6 2. Nc3 d5 3. Bg5 Nbd7 4. Qd3 h6 5. Bh4 e6 6. Bxf6 Nxf6 7. e4 dxe4 8. Nxe4 Be7 9. g3 Nxe4 10. Qxe4 Qd5 11.
Bg2 Qxe4+ 12. Bxe4 Bf6 13. O-O-O c6 14. f4 Bd7 15.
Nf3 O-O-O 16. Rhe1 g5 17. fxg5 hxg5 18. Rf1 Be8 19. c3 g4 20. Nd2 Bg5 21. Rf2 f5 22. Bd3 Rh6 23. Kc2 Bd7 24. Nc4 Kc7 25. Re1 Rdh8 26. Ree2 Be8 27. Ne5 R8h7 28. Bc4 b5 29.
Bb3 a5 30. a3 Kd6 31. Nd3 a4 32. Ba2 Bd7 33. Ne5 Be8 34. Nd3 Bd7 35. Kd1 Bc8 36. Ke1 Bd7 37. Kf1 Bc8 38. Kg1 Bd7 39. Nc5 Bc8 40. Re1 Bd7 41. Rfe2 Re7 42. Bb1 Bc8 43. Ba2 Rf6 44. Nd3 Rh6 45. Ne5 Reh7 46. c4 Re7 47. c5+ Kc7 48. Nd3 Bd7 49. Nb4 Bf6 50. Rd1 Rg6 51. b3 Rh6 52. bxa4 bxa4 53. Bc4 Bc8 54. Rb2 Rd7 55. Nc2 Re7 56. Rb6 Kd8 57. Rxc6 Bd7 58. Rd6 e5 59. c6 exd4 60. Rxd7+ Rxd7 61. cxd7 Bg5 62. Rxd4 Be3+ 63. Nxe3 1-0

[Event "*** Titled Tuesday Blitz"]
[Site "Chess.com"]
[Date "2020.11.03"]
[Round "9"]
[White "Forantes"]
[Black "nitpicker"]
[Result "0-1"]
[WhiteElo "2361"]
[BlackElo "2158"]
[TimeControl "180+1"]
[EndTime "11:49:29 PST"]
[Termination "nitpicker won on time"]

1. Nf3 Nf6 2. g3 d5 3. Bg2 g6 4. O-O Bg7 5. d4 O-O 6. c4 c6 7.
Qb3 dxc4 8. Qxc4 b5 9. Qb3 Be6 10. Qa3 a5 11. Rd1 Bc4 12. Qe3 b4 13. a3 Nbd7 14.
axb4 axb4 15. Rxa8 Qxa8 16. Nbd2 Bd5 17. h3 Re8 18.
Ne5 Bxg2 19. Kxg2 Nd5 20. Qe4 Nxe5 21. dxe5 f5 22. exf6 exf6 23. Qf3 f5 24. Nc4 Qa6 25. b3 Nc3 26. Rd7 Nxe2 27. Be3 Nc3 28. Nd6 Rf8 29. Rc7 Nd5 30. Re7 Nxe7 31. Bc5 Nd5 32.
g4 f4 33. Qe4 Qa8 34. Qe6+ Kh8 35. Nf7+ Rxf7 36. Qxf7 Qd8 37. Qb7 Nf6 38. Be7 Qd5+ 39. Kh2 h6 40. Qc8+ Kh7 41. Bxb4 Qe5 42. Kg1 f3 0-1

[Event "*** Titled Tuesday Blitz"]
[Site "Chess.com"]
[Date "2020.11.03"]
[Round "9"]
[White "tan275"]
[Black "enriquebutti"]
[Result "1-0"]
[WhiteElo "2191"]
[BlackElo "1988"]
[TimeControl "180+1"]
[EndTime "11:49:29 PST"]
[Termination "tan275 won on time"]

1. d4 d6 2. c4 g6 3. Nf3 Bg7 4. g3 Nf6 5. Bg2 O-O 6. Nc3 c5 7. O-O Nc6 8. e3 Bf5 9. Re1 Ne4 10. Nh4 Nxc3 11. bxc3 Bd7 12. Bd2 Rc8 13. Rb1 Na5 14. Qe2 cxd4 15. cxd4 Nxc4 16. Bxb7 Rc7 17. Ng2 e5 18.
dxe5 dxe5 19. e4 Ba4 20. Bb4 Re8 21. Bd5 Nb6 22. Ne3 Nxd5 23. Nxd5 Rc2 24. Qa6 Rxa2 25.
Qb7 h5 26. Nc3 Bc2 27. Nxa2 Bxb1 28. Rxb1 Qd3 29. Nc3 Qc2 30. Rf1 Rd8 31. Qxa7 Rd3 32. Qb8+ Kh7 33. Nd5 Rf3 34. Bf8 Qxe4 35. Bxg7 Kxg7 36.
Ne3 Qd3 37. Qxe5+ 1-0

[Event "*** Titled Tuesday Blitz"]
[Site "Chess.com"]
[Date "2020.11.03"]
[Round "9"]
[White "GMKrikor"]
[Black "Guenplen"]
[Result "0-1"]
[WhiteElo "2766"]
[BlackElo "2893"]
[TimeControl "180+1"]
[EndTime "11:49:30 PST"]
[Termination "Guenplen won by resignation"]

1. e4 c5 2. Nf3 e6 3. d4 cxd4 4. Nxd4 Nf6 5. Nc3 Nc6 6. Ndb5 Bc5 7. Bf4 O-O 8. Bc7 Qe7 9. Bd6 Bxd6 10. Qxd6 Qd8 11. O-O-O a6 12. Nd4 Na5 13. Be2 b5 14. Nb3 Nxb3+ 15. axb3 Bb7 16. Bf3 Bc6 17. Kb1 Ne8 18.
Qd4 Qb8 19. h4 b4 20. Na4 Nc7 21. h5 h6 22. Rh4 Nb5 23. Qxb4 a5 24. Qd2 e5 25. c3 Na3+ 26. bxa3 Bxa4 27. Qb2 Bxb3 28. Rxd7 Ba4 29. Rd2 Qc7 30. Ka1 Rab8 31. Qc1 Rb3 32. Rh1 Qc5 33. Ra2 Rxc3 34. Qd2 Bb3 35. Rb2 Rc8 36. Rhb1 Qxa3+ 37. Ra2 Bxa2 38. Qxa2 Qxa2+ 39. Kxa2 R3c4 40. Ka3 Rb4 41. Rxb4 axb4+ 42. Kxb4 Rc2 43. Kb3 Rxf2 44. Kc4 Rd2 45. Kc3 Rd4 46. Kc2 Kf8 47.
Kc3 Ke7 48. Kc2 Kf6 0-1

[Event "*** Titled Tuesday Blitz"]
[Site "Chess.com"]
[Date "2020.11.03"]
[Round "9"]
[White "glebus008"]
[Black "Mikasinski"]
[Result "0-1"]
[WhiteElo "2309"]
[BlackElo "2460"]
[TimeControl "180+1"]
[EndTime "11:49:30 PST"]
[Termination "Mikasinski won by resignation"]

1. e4 c5 2. Nf3 d6 3. d4 cxd4 4.
Qxd4 a6 5. Bc4 Nc6 6. Qd3 Nf6 7. a3 b5 8. Ba2 Bb7 9. Nc3 b4 10. axb4 e6 11. b5 Nb4 12. Qe2 Rc8 13. Bg5 Be7 14. O-O Qb6 15. Be3 Qc7 16. b6 Qd7 17. Bb3 Nxe4 18.
Ba4 Bc6 19. Bxc6 Qxc6 20. Nxe4 Qxe4 21. c3 Nd5 22. Qxa6 O-O 23. b7 Rb8 24. Ba7 Nc7 25.
Qa4 Qxa4 26. Rxa4 Rxb7 27. b4 Ra8 28. Rfa1 Nb5 29. Bd4 Rxa4 30. Rxa4 e5 31. Ra8+ Bf8 32. Nxe5 Nxd4 33. c4 dxe5 34. c5 Nc6 35. g3 Rxb4 36.
Rc8 Nd4 37. Rc7 Rb1+ 38. Kg2 Rc1 39. Rc8 Rxc5 40. Kh3 Rxc8 41. g4 Rc2 0-1

[Event "*** Titled Tuesday Blitz"]
[Site "Chess.com"]
[Date "2020.11.03"]
[Round "9"]
[White "Legendinunknown"]
[Black "m_ezat"]
[Result "1-0"]
[WhiteElo "2687"]
[BlackElo "2540"]
[TimeControl "180+1"]
[EndTime "11:49:31 PST"]
[Termination "Legendinunknown won by checkmate"]

1. d4 Nf6 2. c4 g6 3. Nc3 Bg7 4. e4 d6 5. Nf3 O-O 6. Be2 e5 7. d5 a5 8. Bg5 Na6 9. Nd2 Nc5 10. O-O c6 11. b3 Qb6 12. a3 Bd7 13. Rb1 h6 14. Be3 cxd5 15. cxd5 Qc7 16. Rc1 Rfb8 17. b4 axb4 18. axb4 Na4 19. Nxa4 Qd8 20. Nb6 Ra2 21.
Ra1 Rb2 22. Rb1 Rxb1 23. Qxb1 Ng4 24. Nxd7 Qxd7 25. Bxg4 Qxg4 26. Nc4 Qd7 27. Qa2 f5 28.
f3 Rf8 29. Qa5 Kh7 30. Nb6 Qc7 31. Rc1 Qf7 32. Nc8 Qd7 33. Qc7 Qb5 34. Nxd6 Qe2 35. Qc3 h5 36. Qd2 Qa6 37. Nc4 fxe4 38. fxe4 Rc8 39. Na5 Rf8 40. d6 Bf6 41. d7 Bd8 42.
Nc4 Rf7 43. Nxe5 Re7 44. Nf3 Rxe4 45. Ng5+ Bxg5 46. Bxg5 Re2 47. d8=Q Rxd2 48. Rc7+ Rd7 49. Rxd7# 1-0